[Event "Tuesday Night Engine Tour 13 Rd Swiss 5m+1s Starts at 2200hrs"]
[Site "Infinity Chess"]
[Date "2018.1.30"]
[Round "6"]
[White "SkyPilot"]
[Black "KULLANI"]
[Result "1/2-1/2"]
[ECO "C53"]
[WhiteElo "2460"]
[BlackElo "2508"]
[WhiteEngine "stockfish_x64_bmi2_2018_01_23_CTG"]
[BlackEngine "BrainFish_180124_x64_CTG"]
[EventType "Swiss"]
[WhiteTeam ""]
[BlackTeam ""]
[PlyCount "120"]
[TimeControl "300+1"]

1. e4 e5 2. Nf3 Nc6 3. Bc4 Bc5 4. c3 Nf6 5. d3 d6 6. O-O a5 7. Re1 Ba7 
8. Nbd2 O-O 9. Nf1 Be6 10. Bb5 Ne7 11. d4 Ng6 12. Be3 c6 13. Bd3 Bg4 14. h3 Bxf3 
15. Qxf3 Re8 16. Qd1 d5 17. dxe5 Nxe5 18. exd5 Qxd5 19. Bxa7 Rxa7 20. Bc2 Raa8 
21. Ne3 Qb5 22. Rb1 Rad8 23. Qc1 Ng6 24. Nf5 Rxe1+ 25. Qxe1 Re8 26. Qd2 Qe5 
27. Qe3 Nd5 28. Qxe5 Nxe5 29. Nd6 Re7 30. Rd1 g6 31. g3 Nb6 32. Kg2 Kf8 
33. b4 axb4 34. cxb4 Nd5 35. a3 Rd7 36. Ne4 Nc4 37. Nc5 Rc7 38. Bb3 Nxa3 
39. Bxd5 cxd5 40. Rxd5 Ke7 41. Ne4 Rc4 42. Re5+ Kd7 43. b5 Rb4 44. Nf6+ Kd6 
45. Re3 Nxb5 46. Nxh7 Kc5 47. Ng5 Nd6 48. Rf3 b5 49. Nxf7 Nxf7 50. Rxf7 Rd4 
51. Rb7 b4 52. h4 Kc4 53. Kf3 b3 54. g4 Kc3 55. h5 gxh5 56. gxh5 Rh4 57. h6 Rxh6 
58. Rc7+ Kb2 59. Ke3 Rb6 60. Ke4 Ka3 1/2-1/2

[Event "Tuesday Night Engine Tour 13 Rd Swiss 5m+1s Starts at 2200hrs"]
[Site "Infinity Chess"]
[Date "2018.1.30"]
[Round "6"]
[White "localhero"]
[Black "MGR"]
[Result "1/2-1/2"]
[ECO "A46"]
[WhiteElo "2491"]
[BlackElo "2513"]
[WhiteEngine "asmfish-popcnt-012018-W"]
[BlackEngine "asmFishW_2017-08-25_bmi2"]
[EventType "Swiss"]
[WhiteTeam ""]
[BlackTeam ""]
[PlyCount "145"]
[TimeControl "300+1"]

1. d4 Nf6 2. Nf3 d5 3. e3 e6 4. Bd3 c5 5. b3 b6 6. Nbd2 cxd4 7. exd4 Ba6 
8. c4 Bd6 9. Bb2 Nc6 10. Rc1 Rc8 11. O-O O-O 12. Ne5 dxc4 13. Nxc6 Rxc6 
14. bxc4 Bb7 15. Qe2 Rc8 16. Rfe1 h6 17. Bb1 Re8 18. Qd3 b5 19. cxb5 Rxc1 
20. Rxc1 Bf4 21. Rd1 Bxd2 22. Qxd2 Qd5 23. f3 Qxb5 24. Ba3 Qd5 25. Kh1 Bc6 
26. Bc5 a6 27. Bc2 Rc8 28. Be7 Qg5 29. Qxg5 hxg5 30. Rc1 Re8 31. Bd6 Rd8 
32. Bc5 Nd5 33. Kg1 Rb8 34. Ba3 Nf4 35. Kf2 Bb5 36. Bd6 Rd8 37. Be7 Rxd4 
38. Bxg5 Nd3+ 39. Bxd3 Rxd3 40. Rc8+ Kh7 41. Bc1 e5 42. g4 f6 43. Rc7 Bd7 
44. Ke2 Rd4 45. Kf2 e4 46. Be3 Rd3 47. g5 exf3 48. gxf6 gxf6 49. Kxf3 Kg6 
50. h4 Kh5 51. Ke4 Rd1 52. Bd4 Re1+ 53. Kf4 Rf1+ 54. Kg3 Bg4 55. Rh7+ Kg6 
56. Rc7 Kh5 57. Rh7+ Kg6 58. Rc7 Bf3 59. Bf2 Bd5 60. Rc5 Bxa2 61. Rc6 a5 
62. Ra6 Bd5 63. Rxa5 Bh1 64. h5+ Kg7 65. Ra7+ Kh6 66. Ra5 Kh7 67. Ra6 Kg7 
68. h6+ Kg6 69. h7 Kxh7 70. Rxf6 Rb1 71. Rf4 Kg6 72. Bd4 Rb5 73. Kg4 1/2-1/2

[Event "Tuesday Night Engine Tour 13 Rd Swiss 5m+1s Starts at 2200hrs"]
[Site "Infinity Chess"]
[Date "2018.1.30"]
[Round "6"]
[White "Time_bandit"]
[Black "Coco69"]
[Result "1/2-1/2"]
[ECO "D05"]
[WhiteElo "2540"]
[BlackElo "2507"]
[WhiteEngine "asmfish-popcnt-012018-W"]
[BlackEngine "Raubfisch X37c_CTG"]
[EventType "Swiss"]
[WhiteTeam ""]
[BlackTeam ""]
[PlyCount "122"]
[TimeControl "300+1"]

1. d4 d5 2. Nf3 Nf6 3. e3 e6 4. Bd3 c5 5. b3 b6 6. Nbd2 Nbd7 7. O-O Be7 
8. Qe2 Bb7 9. Bb2 O-O 10. c4 cxd4 11. Nxd4 g6 12. N4f3 Nc5 13. Bc2 Nfe4 
14. b4 Nxd2 15. Nxd2 Nd7 16. cxd5 Bxd5 17. a3 Bf6 18. Bxf6 Nxf6 19. Bd3 a5 
20. bxa5 Rxa5 21. e4 Bb7 22. Rfc1 Ra4 23. Rd1 Qe7 24. e5 Nd5 25. Ne4 Rxa3 
26. Qd2 Rxa1 27. Rxa1 Ra8 28. Rxa8+ Bxa8 29. Qc1 Bb7 30. h3 Kg7 31. Bc4 Nc7 
32. Nd6 Ne8 33. Qc3 Kg8 34. Qd4 Bc6 35. Nxe8 Qxe8 36. Qxb6 Qd7 37. Kh2 Kg7 
38. Qe3 Qd8 39. Qf4 g5 40. Qe3 Qe7 41. Bd3 h6 42. Qb6 Qd7 43. Qe3 Qd5 44. f3 Bb7 
45. h4 gxh4 46. Kh3 Qd8 47. Kg4 Kg8 48. Bc4 Kg7 49. Bd3 Bc6 50. Bc4 h3 
51. gxh3 Qd1 52. Kg3 Qh1 53. Bd3 Kg8 54. Bc4 Kg7 55. Bd3 Kg8 56. f4 Kg7 
57. Kh4 Bf3 58. Qf2 Qd1 59. Qe3 Qh1 60. Qf2 Qd1 61. Qe3 Qh1 1/2-1/2

[Event "Tuesday Night Engine Tour 13 Rd Swiss 5m+1s Starts at 2200hrs"]
[Site "Infinity Chess"]
[Date "2018.1.30"]
[Round "6"]
[White "MarioDeMonti"]
[Black "MCDermont"]
[Result "1/2-1/2"]
[ECO "C11"]
[WhiteElo "2531"]
[BlackElo "2542"]
[WhiteEngine "stockfish_x64_bmi2_2018_01_23_CTG"]
[BlackEngine "BrainFish 060118_CTG"]
[EventType "Swiss"]
[WhiteTeam ""]
[BlackTeam ""]
[PlyCount "111"]
[TimeControl "300+1"]

1. e4 e6 2. d4 d5 3. Nc3 Nf6 4. e5 Nfd7 5. f4 c5 6. Nf3 Nc6 7. Be3 cxd4 
8. Nxd4 Qb6 9. a3 Bc5 10. Ncb5 a6 11. Nxc6 axb5 12. Bxc5 Nxc5 13. Nd4 Bd7 
14. Be2 O-O 15. c3 f6 16. exf6 Rxf6 17. g3 g5 18. Qd2 gxf4 19. gxf4 Qd6 
20. Rf1 Ne4 21. Qe3 Raf8 22. Bxb5 Bxb5 23. Nxb5 Qc6 24. Qe2 Rxf4 25. O-O-O Rxf1 
26. Qg2+ Kh8 27. Rxf1 Rg8 28. Qe2 e5 29. Kb1 Qg6 30. Ka2 Qg2 31. Re1 Qxe2 
32. Rxe2 Rc8 33. Re3 Kg7 34. Rd3 Rc5 35. a4 Kf6 36. b4 Rc8 37. Rxd5 Nxc3+ 
38. Nxc3 Rxc3 39. Rd6+ Kf5 40. Rd7 b6 41. Rxh7 e4 42. Re7 Kf4 43. Re6 e3 
44. a5 bxa5 45. bxa5 Kf3 46. Kb2 Rc7 47. Rf6+ Ke2 48. Re6 Kd3 49. Rd6+ Ke4 
50. Rf6 Kd5 51. Rf1 e2 52. Re1 Rc8 53. Rxe2 Ra8 54. Rg2 Ke6 55. Rg5 Rh8 56. Rg2 
1/2-1/2

[Event "Tuesday Night Engine Tour 13 Rd Swiss 5m+1s Starts at 2200hrs"]
[Site "Infinity Chess"]
[Date "2018.1.30"]
[Round "6"]
[White "incredible"]
[Black "RonWeasley"]
[Result "1/2-1/2"]
[ECO "E10"]
[WhiteElo "2508"]
[BlackElo "2539"]
[WhiteEngine "Stockfish_x64_bmi2"]
[BlackEngine "BrainFish 060118_CTG"]
[EventType "Swiss"]
[WhiteTeam ""]
[BlackTeam ""]
[PlyCount "101"]
[TimeControl "300+1"]

1. d4 Nf6 2. c4 e6 3. Nf3 d5 4. Nc3 c6 5. Bg5 h6 6. Bxf6 Qxf6 7. e3 Nd7 
8. Bd3 dxc4 9. Bxc4 g6 10. O-O Bg7 11. e4 e5 12. d5 Nb6 13. Nd2 Nxc4 
14. Nxc4 O-O 15. Qe2 Rd8 16. a3 Bd7 17. Rad1 Qg5 18. Rfe1 h5 19. Rd3 Rac8 
20. Na5 Rb8 21. dxc6 Bxc6 22. Red1 Rd4 23. Nb3 Rxd3 24. Qxd3 b6 25. Nd2 Rd8 
26. Nd5 Rd7 27. Nf3 Qd8 28. h4 Kh8 29. Ng5 Bf6 30. Nf3 Bg7 31. Ng5 Bh6 
32. Qc3 Bxg5 33. Qxc6 Bxh4 34. Rd3 Rd6 35. Qb7 Rd7 36. Qc6 Kg7 37. b4 a6 
38. Qc3 Qb8 39. Qc2 Rd6 40. Rc3 Qd8 41. Rc8 Qd7 42. a4 Bd8 43. f3 Bh4 
44. Rc7 Qd8 45. Qc3 Qg5 46. Rxf7+ Kxf7 47. Qc7+ Ke6 48. Qc8+ Kf7 49. Qc7+ Ke6 
50. Qc8+ Kf7 51. Qc7+ 1/2-1/2

[Event "Tuesday Night Engine Tour 13 Rd Swiss 5m+1s Starts at 2200hrs"]
[Site "Infinity Chess"]
[Date "2018.1.30"]
[Round "5"]
[White "koalachess"]
[Black "Ryzen"]
[Result "1/2-1/2"]
[ECO "B22"]
[WhiteElo "2281"]
[BlackElo "2467"]
[WhiteEngine "asmFishW_2017-11-19_popcnt_CTG"]
[BlackEngine "Houdini 6"]
[EventType "Swiss"]
[WhiteTeam ""]
[BlackTeam ""]
[PlyCount "119"]
[TimeControl "300+1"]

1. e4 c5 2. c3 Nf6 3. e5 Nd5 4. Nf3 Nc6 5. d4 cxd4 6. cxd4 d6 7. Bc4 dxe5 
8. dxe5 Ndb4 9. Qb3 e6 10. O-O Na5 11. Bb5+ Bd7 12. Qa4 Bxb5 13. Qxb5+ Nac6 
14. Nc3 a6 15. Qc4 Qd3 16. Qg4 Qf5 17. Qxf5 exf5 18. Rd1 Bc5 19. Rb1 O-O 
20. a3 Nc2 21. b4 Ba7 22. b5 axb5 23. Nxb5 Bc5 24. h3 Rfd8 25. Bb2 h6 
26. Rbc1 Rxd1+ 27. Rxd1 Ra5 28. Nd6 b6 29. Rc1 N2d4 30. Nxd4 Nxd4 31. Rc4 Ne6 
32. a4 f4 33. Kf1 Ra8 34. h4 Rd8 35. Ne4 Kf8 36. Nxc5 bxc5 37. Ke2 Ke7 
38. Rc1 Rd5 39. a5 Kd7 40. Rb1 Kc6 41. Bc3 g5 42. g3 c4 43. a6 f3+ 44. Ke1 Rd7 
45. Rb4 Nc5 46. Rxc4 Kb5 47. Rd4 Ra7 48. hxg5 hxg5 49. Rb4+ Kc6 50. Rc4 Rxa6 
51. Bb4 Kb5 52. Rxc5+ Kxb4 53. Rc7 Ra5 54. Rxf7 Rxe5+ 55. Kd2 g4 56. Rf4+ Kc5 
57. Rxg4 Re2+ 58. Kd3 Kd5 59. Rf4 Rxf2 60. Ke3 1/2-1/2

[Event "Tuesday Night Engine Tour 13 Rd Swiss 5m+1s Starts at 2200hrs"]
[Site "Infinity Chess"]
[Date "2018.1.30"]
[Round "5"]
[White "KillBill2017"]
[Black "BraveDevil"]
[Result "1/2-1/2"]
[ECO "C55"]
[WhiteElo "2442"]
[BlackElo "2443"]
[WhiteEngine "Raubfisch ME262_GTZ16b4_CTG"]
[BlackEngine "Cryptic AIL V2"]
[EventType "Swiss"]
[WhiteTeam ""]
[BlackTeam ""]
[PlyCount "338"]
[TimeControl "300+1"]

1. e4 e5 2. Nf3 Nc6 3. Bc4 Nf6 4. d3 Be7 5. O-O d6 6. c3 O-O 7. Re1 Na5 
8. Bb5 a6 9. Ba4 c5 10. Nbd2 Be6 11. h3 Qc7 12. d4 cxd4 13. cxd4 b5 14. Bc2 Rac8 
15. Bb1 exd4 16. Nxd4 Nd7 17. N2f3 Ne5 18. Bd3 Bd7 19. Bf4 Bf6 20. Rc1 Qb6 
21. b3 Rxc1 22. Bxc1 Nac6 23. Bb1 Nxd4 24. Nxd4 Qxd4 25. Qxd4 Nf3+ 26. gxf3 Bxd4 
27. Rd1 Bc5 28. Kg2 f6 29. Bd2 Ba3 30. h4 Rc8 31. Be3 g6 32. Kf1 Kf7 33. Ke2 h5 
34. Rg1 Rd8 35. f4 Re8 36. f3 f5 37. Kf2 d5 38. Rd1 Be6 39. e5 Rd8 40. Kg3 Rc8 
41. Bd3 Bd7 42. Bb1 Ke6 43. Rg1 Rc3 44. Bd2 Rc8 45. Be3 Be8 46. Rd1 Rc3 
47. Bd3 Bd7 48. Kg2 Be7 49. Bd4 Rc7 50. Kg3 Be8 51. Rb1 a5 52. Bb6 Rc3 
53. Rd1 Bb4 54. Kf2 Bd7 55. Ke2 Rc8 56. Rg1 Be8 57. Bf2 Ba3 58. Kd2 Bb4+ 
59. Ke2 Ba3 60. Kd2 Kf7 61. Rb1 Bf8 62. Bd4 Bb4+ 63. Ke2 Ba3 64. Kd2 Bb4+ 
65. Ke2 Be7 66. Bf2 b4 67. Kd2 a4 68. Rc1 Rxc1 69. Kxc1 axb3 70. axb3 Bc6 
71. Ba6 Ke8 72. Be2 Kf7 73. Kc2 Ke8 74. Kb2 Bd8 75. Bg3 Be7 76. Bf2 Bd8 
77. Kc2 Kd7 78. Kd3 Be7 79. Kd4 Kc7 80. Kd3 Kd8 81. Bg3 Kc7 82. Be1 Bb7 
83. Ke3 Kc6 84. Bd3 Kb6 85. Kd2 Bc8 86. Ke3 Bd7 87. Kd2 Bc8 88. Bf2+ Kc6 
89. Be2 Be6 90. Kc2 Bd7 91. Kd1 Be6 92. Kd2 Bf7 93. Kc2 Be6 94. Bd3 Bd8 
95. Be1 Bc8 96. Kd2 Be6 97. Bf2 Bd7 98. Bf1 Be6 99. Ba6 Bd7 100. Kc2 Be7 
101. Be2 Kb7 102. Bd3 Kc8 103. Be1 Kc7 104. Be2 Kb6 105. Bf2+ Kc6 106. Bd3 Kc7 
107. Kd2 Bc6 108. Be1 Be8 109. Bg3 Bf8 110. Ke1 Be7 111. Ke2 Bc6 112. Bc2 Bc5 
113. Bf2 Be7 114. Bb1 Be8 115. Bc2 Bf7 116. Bg3 Kc6 117. Bf2 d4 118. Kd3 Bd5 
119. Bd1 Bf7 120. Be1 Bc5 121. Bd2 Bd5 122. Be1 Be6 123. Bf2 Be7 124. Bg3 Kc5 
125. Bf2 Kc6 126. Be1 Kd5 127. Bf2 Bc5 128. Be1 Bf7 129. Bf2 Be7 130. Bc2 Be6 
131. Be1 Bd7 132. Ke2 Be6 133. Bf2 Kc6 134. Be1 Bd5 135. Bg3 Kb5 136. Bd3+ Ka5 
137. Bc2 Kb5 138. Bd3+ Ka5 139. Bc2 Kb6 140. Bd1 Bc6 141. Kd3 Kc5 142. Bf2 Bb5+ 
143. Kd2 Bc6 144. Kd3 Bb5+ 145. Kd2 Bd7 146. Kd3 Kd5 147. Kd2 Be6 148. Kd3 Bd7 
149. Bc2 Bc8 150. Bb1 Kc6 151. Ke2 Kc5 152. Be1 Be6 153. Bc2 Bd8 154. Bf2 Kc6 
155. Be1 Bd5 156. Bd1 Be6 157. Kd3 Kc5 158. Bf2 Kd5 159. Be1 Bd7 160. Be2 Bb5+ 
161. Kd2 Bxe2 162. Kxe2 Be7 163. Bf2 Bc5 164. Kd3 Bb6 165. Be1 Kc5 166. Bd2 Bd8 
167. Be1 Bb6 168. Bf2 Kd5 169. Be1 Kc5 1/2-1/2

[Event "Tuesday Night Engine Tour 13 Rd Swiss 5m+1s Starts at 2200hrs"]
[Site "Infinity Chess"]
[Date "2018.1.30"]
[Round "5"]
[White "SkyPilot"]
[Black "Victorious"]
[Result "1/2-1/2"]
[ECO "C53"]
[WhiteElo "2457"]
[BlackElo "2532"]
[WhiteEngine "stockfish_x64_bmi2_2018_01_23_CTG"]
[BlackEngine "BugChess2.41_Release"]
[EventType "Swiss"]
[WhiteTeam ""]
[BlackTeam ""]
[PlyCount "107"]
[TimeControl "300+1"]

1. e4 e5 2. Nf3 Nc6 3. Bc4 Bc5 4. c3 Nf6 5. d3 d6 6. O-O O-O 7. Bg5 h6 8. Bh4 g5 
9. Bg3 a6 10. Bb3 Ba7 11. Nbd2 Na5 12. Ba4 Nh5 13. b4 Nxg3 14. hxg3 b5 
15. Bc2 Nc6 16. a4 Bd7 17. Re1 Qf6 18. Qe2 g4 19. Nh4 Ne7 20. Nf1 c5 
21. bxc5 Bxc5 22. Ne3 h5 23. Qd2 Rfb8 24. axb5 axb5 25. Rxa8 Rxa8 26. Bb3 Rb8 
27. Nc2 Nc6 28. Ne3 Be6 29. Rb1 b4 30. Bd5 bxc3 31. Rxb8+ Nxb8 32. Qxc3 Na6 
33. Nhf5 Nb4 34. Bc4 Bxf5 35. Nxf5 Nc6 36. Qd2 Kh7 37. Kf1 Ne7 38. Nh4 Bd4 
39. Kg1 Bc5 40. Kf1 Kg7 41. Bb3 Kh8 42. Kg1 Nc6 43. Qb2 Nd4 44. Bc4 Kh7 
45. Kh2 Kg7 46. Qa2 Qe7 47. Bd5 Qf6 48. Qb2 Kh8 49. Qb8+ Kg7 50. Qb2 Kh7 
51. Kg1 Kh8 52. Kh2 Kh7 53. Qd2 Kg7 54. Qb2 1/2-1/2

[Event "Tuesday Night Engine Tour 13 Rd Swiss 5m+1s Starts at 2200hrs"]
[Site "Infinity Chess"]
[Date "2018.1.30"]
[Round "5"]
[White "star99"]
[Black "ocirema"]
[Result "1/2-1/2"]
[ECO "D31"]
[WhiteElo "2453"]
[BlackElo "2497"]
[WhiteEngine "Cryptic AIL V2"]
[BlackEngine "stockfish_18012814_x64_modern_CTG"]
[EventType "Swiss"]
[WhiteTeam ""]
[BlackTeam ""]
[PlyCount "69"]
[TimeControl "300+1"]

1. d4 d5 2. c4 e6 3. Nc3 c6 4. e3 Nf6 5. Nf3 Nbd7 6. Qc2 Bd6 7. Bd3 O-O 
8. O-O dxc4 9. Bxc4 a6 10. a4 c5 11. dxc5 Bxc5 12. Ne4 Nxe4 13. Qxe4 Qe7 
14. b3 Nf6 15. Qh4 b6 16. Rd1 Bb7 17. Bb2 Rfd8 18. Ne5 h6 19. Be2 Bd5 20. Nc4 b5 
21. Na5 e5 22. axb5 axb5 23. Bxb5 Be4 24. Nc4 Rxa1 25. Rxa1 Qb7 26. Bxe5 Be7 
27. Ba4 Bxg2 28. Na5 Qf3 29. Qg3 Rd1+ 30. Rxd1 Qxd1+ 31. Kxg2 Qd5+ 32. Kf1 Qd1+ 
33. Kg2 Qd5+ 34. Kf1 Qd1+ 35. Kg2 1/2-1/2

[Event "Tuesday Night Engine Tour 13 Rd Swiss 5m+1s Starts at 2200hrs"]
[Site "Infinity Chess"]
[Date "2018.1.30"]
[Round "5"]
[White "KULLANI"]
[Black "Dovahkiin"]
[Result "1/2-1/2"]
[ECO "C50"]
[WhiteElo "2510"]
[BlackElo "2464"]
[WhiteEngine "BrainFish_180124_x64_CTG"]
[BlackEngine "BrainFish_180128_x64_modern_CTG"]
[EventType "Swiss"]
[WhiteTeam ""]
[BlackTeam ""]
[PlyCount "106"]
[TimeControl "300+1"]

1. e4 e5 2. Nf3 Nc6 3. Bc4 Bc5 4. d3 Nf6 5. c3 d6 6. O-O a5 7. Bg5 Ba7 
8. Nbd2 h6 9. Bh4 g5 10. Bg3 O-O 11. Bb3 Be6 12. Ba4 Rb8 13. Re1 b5 14. Bc2 Nh7 
15. h3 h5 16. d4 h4 17. Bh2 g4 18. d5 gxf3 19. Nxf3 Ng5 20. Kh1 Nxf3 
21. Qxf3 Qg5 22. dxc6 Kh7 23. Bd3 Rg8 24. Rg1 b4 25. Qe2 bxc3 26. bxc3 Rg6 
27. Raf1 Qf6 28. f4 Bxg1 29. Bxg1 exf4 30. Ba7 Rc8 31. Qd2 Rg3 32. Bf2 Qh6 
33. e5+ Rxd3 34. Qxd3+ Qg6 35. Qxg6+ Kxg6 36. exd6 cxd6 37. Bxh4 Rxc6 
38. Rxf4 Rxc3 39. a4 d5 40. Bd8 Rc4 41. Rxc4 dxc4 42. Kg1 Bd7 43. Bxa5 Bxa4 
44. Kf2 Bc6 45. g3 Kf5 46. Kf1 Ke4 47. Ke2 Bd7 48. h4 Be6 49. Kd2 Ke5 
50. Bc7+ Kf5 51. Kc3 Kg4 52. Be5 f6 53. Bxf6 Kxg3 1/2-1/2

[Event "Tuesday Night Engine Tour 13 Rd Swiss 5m+1s Starts at 2200hrs"]
[Site "Infinity Chess"]
[Date "2018.1.30"]
[Round "5"]
[White "MGR"]
[Black "Time_bandit"]
[Result "1/2-1/2"]
[ECO "C55"]
[WhiteElo "2512"]
[BlackElo "2541"]
[WhiteEngine "asmFishW_2017-08-25_bmi2"]
[BlackEngine "asmfish-popcnt-012018-W"]
[EventType "Swiss"]
[WhiteTeam ""]
[BlackTeam ""]
[PlyCount "101"]
[TimeControl "300+1"]

1. e4 e5 2. Nf3 Nc6 3. Bc4 Nf6 4. d3 Bc5 5. O-O d6 6. c3 a5 7. Re1 h6 
8. Nbd2 O-O 9. Nf1 Be6 10. Bb5 Ne7 11. d4 exd4 12. cxd4 Bb6 13. Ng3 d5 
14. e5 Ne4 15. Nxe4 dxe4 16. Rxe4 c5 17. Be3 Qd5 18. Bd3 Bf5 19. Rf4 Bxd3 
20. dxc5 Bxc5 21. Bxc5 Ng6 22. Rd4 Qxc5 23. Rc1 Qe7 24. Qxd3 Nxe5 25. Nxe5 Qxe5 
26. g3 Rfe8 27. Rd1 Rac8 28. b3 b6 29. Kg2 Rc6 30. Rf4 Rf6 31. Rxf6 Qxf6 
32. h4 g6 33. Qf3 Qxf3+ 34. Kxf3 Rc8 35. Ke3 Kf8 36. Rd5 Rc2 37. Rd2 Rc6 
38. Rd5 Rc2 39. Rd2 Rc6 40. Rd8+ Ke7 41. Rb8 Rc2 42. Rxb6 Rxa2 43. f3 Ra3 
44. Kf4 a4 45. Rb7+ Kf6 46. Ra7 Rxb3 47. Rxa4 g5+ 48. hxg5+ hxg5+ 49. Kg4 Ke7 
50. Kxg5 Rxf3 51. g4 1/2-1/2

[Event "Tuesday Night Engine Tour 13 Rd Swiss 5m+1s Starts at 2200hrs"]
[Site "Infinity Chess"]
[Date "2018.1.30"]
[Round "5"]
[White "Coco69"]
[Black "localhero"]
[Result "1/2-1/2"]
[ECO "C55"]
[WhiteElo "2508"]
[BlackElo "2490"]
[WhiteEngine "Raubfisch X37c_CTG"]
[BlackEngine "asmfish-popcnt-012018-W"]
[EventType "Swiss"]
[WhiteTeam ""]
[BlackTeam ""]
[PlyCount "158"]
[TimeControl "300+1"]

1. e4 e5 2. Nf3 Nc6 3. Bc4 Nf6 4. d3 Bc5 5. c3 d6 6. O-O a5 7. Bg5 Ba7 
8. Nbd2 h6 9. Bh4 Qe7 10. Bb5 O-O 11. Nc4 g5 12. Bg3 Nb8 13. Ba4 Be6 
14. Ne3 Bxe3 15. fxe3 Nbd7 16. Bc2 Bg4 17. h3 Bh5 18. a4 c6 19. Qe2 Kh7 
20. Qf2 Kg7 21. Qe1 Bg6 22. Rd1 Qe6 23. Rd2 Kh7 24. Qd1 g4 25. hxg4 Nxg4 
26. Qe2 Rg8 27. Nh4 Ngf6 28. Qd1 Rg7 29. Nxg6 fxg6 30. Bh4 Rf8 31. Rdf2 g5 
32. Bg3 Qe7 33. Rf5 h5 34. Qd2 Ng8 35. Qe2 h4 36. Rxf8 Nxf8 37. Be1 Nd7 
38. b4 axb4 39. cxb4 Nh6 40. Bb3 Nf6 41. b5 cxb5 42. axb5 Rg6 43. d4 Qd7 
44. Bc3 Nfg4 45. Rc1 Rf6 46. Be1 Qd8 47. Bc4 Qb8 48. b6 Qd8 49. Rb1 Qc8 
50. Bd3 Kg6 51. Qd2 Qg8 52. Be2 Rf8 53. Bb5 Ra8 54. dxe5 dxe5 55. Qd6+ Kh5 
56. Bc3 Qa2 57. Rf1 Qb3 58. Qc5 h3 59. Be2 Qc2 60. Qc4 Ra2 61. Bxg4+ Nxg4 
62. Qf7+ Kh6 63. Qf8+ Kh5 64. Qf7+ Kh6 65. Qe6+ Kh5 66. Qe8+ Kh6 67. Qe6+ Kh5 
68. Bd2 h2+ 69. Kh1 Qxd2 70. Qf7+ Kh6 71. Qe6+ Kh5 72. Qf7+ Kh6 73. Qf8+ Kh5 
74. Qe8+ Kh6 75. Qh8+ Kg6 76. Qe8+ Kh6 77. Qh8+ Kg6 78. Qg8+ Kh6 79. Qe6+ Kh5 
1/2-1/2

[Event "Tuesday Night Engine Tour 13 Rd Swiss 5m+1s Starts at 2200hrs"]
[Site "Infinity Chess"]
[Date "2018.1.30"]
[Round "5"]
[White "MCDermont"]
[Black "incredible"]
[Result "1/2-1/2"]
[ECO "C53"]
[WhiteElo "2544"]
[BlackElo "2506"]
[WhiteEngine "BrainFish 060118_CTG"]
[BlackEngine "Stockfish_x64_bmi2"]
[EventType "Swiss"]
[WhiteTeam ""]
[BlackTeam ""]
[PlyCount "119"]
[TimeControl "300+1"]

1. e4 e5 2. Nf3 Nc6 3. Bc4 Bc5 4. c3 Nf6 5. d3 a6 6. Bg5 O-O 7. Nbd2 Be7 
8. O-O h6 9. Bxf6 Bxf6 10. a4 d6 11. Re1 Ne7 12. a5 c6 13. d4 Qc7 14. dxe5 dxe5 
15. Qc2 Bg4 16. h3 Bh5 17. Be2 Rad8 18. Nh2 Bxe2 19. Rxe2 h5 20. Nc4 Nc8 
21. Nf3 Qe7 22. Ne3 g6 23. Rd2 Qe6 24. Rxd8 Rxd8 25. Rd1 Rxd1+ 26. Qxd1 Nd6 
27. Qd3 Be7 28. b4 Kg7 29. Kf1 Kf8 30. Kg1 Kg8 31. Nd2 Nb5 32. Ndc4 Kg7 
33. Kf1 Bg5 34. Ke2 Bxe3 35. Kxe3 Qe7 36. f3 Qg5+ 37. Kf2 Qc1 38. Qd2 Qxd2+ 
39. Nxd2 Nxc3 40. Nc4 Na2 41. Nxe5 Nxb4 42. Nd7 f5 43. Ke3 Nc2+ 44. Kf4 Nd4 
45. exf5 gxf5 46. Nc5 Kf6 47. g4 hxg4 48. fxg4 fxg4 49. Kxg4 Ke5 50. h4 Kf6 
51. Nxb7 Nb3 52. h5 c5 53. Nd6 Nxa5 54. Ne8+ Ke7 55. h6 Nc4 56. Kf4 Nd6 
57. Nxd6 Kf6 58. Ne4+ Kg6 59. h7 Kxh7 60. Nxc5 1/2-1/2

[Event "Tuesday Night Engine Tour 13 Rd Swiss 5m+1s Starts at 2200hrs"]
[Site "Infinity Chess"]
[Date "2018.1.30"]
[Round "5"]
[White "RonWeasley"]
[Black "MarioDeMonti"]
[Result "1/2-1/2"]
[ECO "B97"]
[WhiteElo "2539"]
[BlackElo "2531"]
[WhiteEngine "BrainFish 060118_CTG"]
[BlackEngine "stockfish_x64_bmi2_2018_01_23_CTG"]
[EventType "Swiss"]
[WhiteTeam ""]
[BlackTeam ""]
[PlyCount "106"]
[TimeControl "300+1"]

1. e4 c5 2. Nf3 d6 3. d4 cxd4 4. Nxd4 Nf6 5. Nc3 a6 6. Bg5 e6 7. f4 Qb6 
8. Qd2 Qxb2 9. Rb1 Qa3 10. e5 h6 11. Bh4 dxe5 12. fxe5 g5 13. exf6 gxh4 
14. Be2 Qa5 15. O-O Nd7 16. Kh1 Qg5 17. Rf4 e5 18. Nd5 exd4 19. Qxd4 Bc5 
20. Qe4+ Kd8 21. Rf5 Re8 22. Qxe8+ Kxe8 23. Rxg5 hxg5 24. Nc7+ Kd8 25. Nxa8 Nxf6 
26. Bf3 b5 27. Rd1+ Ke7 28. Nc7 g4 29. Nd5+ Nxd5 30. Bxd5 h3 31. Re1+ Kd6 
32. Bxf7 Bb7 33. Re6+ Kc7 34. Re2 hxg2+ 35. Rxg2 Bxg2+ 36. Kxg2 a5 37. Bh5 Kd6 
38. Kg3 b4 39. Kxg4 a4 40. Bg6 b3 41. cxb3 axb3 42. Bb1 b2 43. h4 Ke7 44. a4 Kf7 
45. a5 Kf6 46. Kf4 Bd6+ 47. Ke3 Bc7 48. a6 Bb6+ 49. Kd2 Kg7 50. h5 Kh6 
51. Kc3 Kg5 52. Kc2 Bg1 53. h6 Kxh6 1/2-1/2

[Event "Tuesday Night Engine Tour 13 Rd Swiss 5m+1s Starts at 2200hrs"]
[Site "Infinity Chess"]
[Date "2018.1.30"]
[Round "4"]
[White "BraveDevil"]
[Black "koalachess"]
[Result "1-0"]
[ECO "E40"]
[WhiteElo "2433"]
[BlackElo "2291"]
[WhiteEngine "Cryptic AIL V2"]
[BlackEngine "asmFishW_2017-11-19_popcnt_CTG"]
[EventType "Swiss"]
[WhiteTeam ""]
[BlackTeam ""]
[PlyCount "159"]
[TimeControl "300+1"]

1. d4 Nf6 2. c4 e6 3. Nc3 Bb4 4. e3 O-O 5. Bd2 d5 6. Nf3 b6 7. Rc1 Be7 
8. cxd5 exd5 9. Bd3 c5 10. Ne5 Bb7 11. O-O Nc6 12. Be1 a6 13. f4 cxd4 
14. Ne2 Nxe5 15. fxe5 Ne4 16. exd4 Bg5 17. Nf4 Qd7 18. Qb3 b5 19. Rd1 Rac8 
20. Ba5 Rfe8 21. Bb1 g6 22. Nh3 Bh6 23. Nf2 Kg7 24. a3 Rc4 25. Qd3 Rcc8 
26. Ba2 f5 27. Qb3 Bg5 28. Bb4 Be7 29. Qf3 Bd8 30. Nxe4 dxe4 31. Qb3 Bb6 
32. e6 Qc6 33. Qe3 Rxe6 34. Rc1 Qe8 35. Bxe6 Rxc1 36. Rxc1 Qxe6 37. Qf4 Bd5 
38. Qb8 Qf6 39. Be7 Qxe7 40. Qxb6 Bc4 41. d5 Qg5 42. Rd1 Bb3 43. Qd4+ Qf6 
44. Rd2 Qxd4+ 45. Rxd4 Kf7 46. d6 Ke8 47. d7+ Kd8 48. Kf2 Be6 49. Rd6 Bxd7 
50. Rxa6 Kc7 51. Rf6 Be8 52. Ke3 Kd8 53. b3 Kc7 54. Rf8 Bc6 55. Rf7+ Kd8 
56. Rxh7 Bd7 57. Rg7 Be8 58. g4 fxg4 59. Kxe4 b4 60. axb4 g3 61. hxg3 Bb5 
62. Rxg6 Ke7 63. g4 Be2 64. Kf4 Bd3 65. Rg5 Kd6 66. Re5 Bg6 67. g5 Kc7 
68. Rf5 Kd7 69. b5 Be8 70. b6 Kc6 71. g6 Kxb6 72. g7 Bd7 73. Rf6+ Ka5 
74. g8=Q Kb4 75. Qc4+ Ka3 76. Qc3 Bb5 77. Rf7 Ba4 78. Ra7 Ka2 79. Rxa4+ Kb1 
80. Ra1# 1-0

[Event "Tuesday Night Engine Tour 13 Rd Swiss 5m+1s Starts at 2200hrs"]
[Site "Infinity Chess"]
[Date "2018.1.30"]
[Round "4"]
[White "Ryzen"]
[Black "KillBill2017"]
[Result "1/2-1/2"]
[ECO "C55"]
[WhiteElo "2468"]
[BlackElo "2441"]
[WhiteEngine "Houdini 6"]
[BlackEngine "Raubfisch ME262_GTZ16b4_CTG"]
[EventType "Swiss"]
[WhiteTeam ""]
[BlackTeam ""]
[PlyCount "145"]
[TimeControl "300+1"]

1. e4 e5 2. Nf3 Nc6 3. Bc4 Nf6 4. d3 Bc5 5. c3 d6 6. O-O O-O 7. Bg5 a5 8. a4 h6 
9. Bh4 Be6 10. Nbd2 Qe7 11. Re1 g5 12. Bg3 Ne8 13. Bxe6 fxe6 14. Nc4 Qf7 
15. Qb3 Rb8 16. Rf1 g4 17. Nh4 Ng7 18. Ne3 Qh5 19. Rad1 Rf7 20. Qc4 Rbf8 
21. d4 Ba7 22. Kh1 Bb6 23. Qe2 Qg5 24. d5 Ne7 25. dxe6 Nxe6 26. Qxg4 Nc5 
27. Qxg5+ hxg5 28. Nhf5 Nxf5 29. Nxf5 Rh7 30. f3 Nxa4 31. Rd2 Kf7 32. h3 Ra8 
33. c4 Rhh8 34. Ra1 Nc5 35. Ra3 Ne6 36. Ra4 Bc5 37. Bf2 Bxf2 38. Rxf2 Nd4 
39. Ne3 Ke6 40. Kh2 c6 41. Rd2 Nb3 42. Rd1 b5 43. cxb5 cxb5 44. Ra3 a4 
45. Rxb3 axb3 46. Rd3 Rhc8 47. Kg3 Ra4 48. Kg4 Rc2 49. Rxb3 Re2 50. Kxg5 Ra2 
51. g4 Rexb2 52. Rc3 Kd7 53. h4 b4 54. Rc4 Ra7 55. h5 Rb7 56. h6 b3 57. Rc1 Ke6 
58. Rh1 Ra2 59. h7 Ra8 60. h8=Q Rxh8 61. Rxh8 b2 62. Rh6+ Kd7 63. Rh7+ Kc6 
64. Rh1 b1=Q 65. Rxb1 Rxb1 66. Nf5 d5 67. Ne7+ Kd6 68. Nxd5 Rf1 69. f4 exf4 
70. Nxf4 Ke5 71. Nd3+ Kd4 72. Nf4 Kxe4 73. Ng6 1/2-1/2